 Dungeon Crawl Stone Soup version 0.20.1-1-g8b1a95d66d (webtiles) character file.

103216 Vivek the Eclecticist (level 15, -7/72 HPs)
             Began as a Deep Elf Summoner on Oct 25, 2017.
             Was the Champion of Sif Muna.
             Killed from afar by a shock serpent (12 damage)
             ... with a bolt of electricity
             ... on level 3 of the Snake Pit on Nov 16, 2017.
             The game lasted 11:29:11 (28132 turns).

Vivek the Eclecticist (Deep Elf Summoner)          Turns: 28132, Time: 11:29:11

Health: -7/72      AC: 10    Str:  5    XL:     15   Next: 51%
Magic:  35/49      EV: 21    Int: 31    God:    Sif Muna [******]
Gold:   1588       SH:  0    Dex: 15    Spells: 2/52 levels left

rFire    . . .     SeeInvis .   e - staff of conjuration
rCold    + . .     Gourm    .   (no shield)
rNeg     . . .     Faith    .   z - +0 robe {MR+}
rPois    .         Spirit   .   x - +3 helmet of the Bouncing Yaks {MR- Int+4}
rElec    .         Reflect  .   P - +0 cloak
rCorr    .         Harm     .   K - +0 pair of gloves
MR       +....                  Y - +1 pair of boots
Stlth    +++.......             k - amulet of the Prince of Darkness {RegenMP rC+}
Regen    0.3/turn               A - ring of magical power
MPRegen  0.5/turn               S - ring of wizardry

@: divine energy
A: no striking features
}: 1/15 runes: decaying
a: Stop Divine Energy, Channel Magic, Forget Spell, Renounce Religion


You were on level 3 of the Snake Pit.
You worshipped Sif Muna.
Sif Muna was exalted by your worship.
You were not hungry.

You visited 6 branches of the dungeon, and saw 31 of its levels.

You collected 2423 gold pieces.
You spent 835 gold pieces at shops.

Inventory:

Armour
 a - a +0 troll leather armour
 x - the +3 helmet of the Bouncing Yaks (worn) {MR- Int+4}
   (You found it on level 4 of the Dungeon)

   It affects your intelligence (+4).
   It affects your resistance to hostile enchantments.
 z - a +0 robe of magic resistance (worn)
 K - a +0 pair of gloves (worn)
 P - a +0 cloak (worn)
 Y - a +1 pair of boots (worn)
Magical Staves
 e - an uncursed staff of conjuration (weapon)
Jewellery
 k - the amulet of the Prince of Darkness (around neck) {RegenMP rC+}
   (You bought it in a shop on level 2 of the Orcish Mines)

   [amulet of magic regeneration]

   It increases your magic regeneration.
   It protects you from cold.
 A - a ring of magical power (left hand)
 S - a ring of wizardry (right hand)
 V - an uncursed ring of see invisible
Wands
 q - a wand of digging (24/24)
 y - a wand of flame (33/48)
 I - a wand of paralysis (22/24)
 L - a wand of acid (8/15)
 U - a wand of iceblast (6/15)
 X - a wand of confusion (38/48)
Scrolls
 n - 4 scrolls of teleportation
 s - 4 scrolls of amnesia
 v - 5 scrolls of remove curse
 F - a scroll of fog
 H - 2 scrolls of blinking
 O - 4 scrolls of enchant weapon
Potions
 d - a potion of cancellation
 f - 4 potions of haste
 l - 4 potions of resistance
 m - 5 potions of brilliance
 o - 3 potions of magic
 t - 7 potions of curing
 B - 5 potions of heal wounds
 W - 2 potions of flight
Books
 b - a book of Callings

   Spells                             Type                      Level
   a - Summon Small Mammal            Summoning                    1
   b - Call Imp                       Summoning                    2
   c - Call Canine Familiar           Summoning                    3
   d - Summon Guardian Golem          Hexes/Summoning              3
   e - Summon Lightning Spire         Summoning/Air                4
   f - Summon Ice Beast               Ice/Summoning                4
 g - Sif Muna's Compendium of Unstable Shape Shifting
   (Sif Muna gifted it to you on level 1 of the Swamp)

   Spells                             Type                      Level
   a - Sticks to Snakes               Transmutation                2
   b - Petrify                        Transmutation/Earth          4
   c - Irradiate                      Conjuration/Transmutation    5
   d - Summon Forest                  Summoning/Translocation      5
   e - Malign Gateway                 Summoning/Translocation      7
 i - Sif Muna's Guide on Mutagenic Sinister Secrets
   (Sif Muna gifted it to you on level 3 of the Swamp)

   Spells                             Type                      Level
   a - Vampiric Draining              Necromancy                   3
   b - Animate Dead                   Necromancy                   4
   c - Bolt of Draining               Conjuration/Necromancy       5
   d - Hydra Form                     Transmutation                6
   e - Haunt                          Necromancy/Summoning         7
   f - Dragon Form                    Transmutation                7
 j - a book of Minor Magic

   Spells                             Type                      Level
   a - Magic Dart                     Conjuration                  1
   b - Blink                          Translocation                2
   c - Call Imp                       Summoning                    2
   d - Slow                           Hexes                        2
   e - Conjure Flame                  Conjuration/Fire             3
   f - Mephitic Cloud                 Conjuration/Poison/Air       3
 p - a Fen Folio

   Spells                             Type                      Level
   a - Corpse Rot                     Necromancy                   2
   b - Stone Arrow                    Conjuration/Earth            3
   c - Leda's Liquefaction            Hexes/Earth                  4
   d - Summon Forest                  Summoning/Translocation      5
   e - Hydra Form                     Transmutation                6
   f - Summon Hydra                   Summoning                    7
 u - the Handbook of Air and Dislocation
   (You found it on level 6 of the Lair of Beasts)

   Spells                             Type                      Level
   a - Teleport Other                 Translocation                3
   b - Silence                        Hexes/Air                    5
   c - Conjure Ball Lightning         Conjuration/Air              6
   d - Dispersal                      Translocation                6
 D - a book of Dreams

   Spells                             Type                      Level
   a - Ensorcelled Hibernation        Hexes/Ice                    2
   b - Silence                        Hexes/Air                    5
   c - Darkness                       Hexes                        6
   d - Shadow Creatures               Summoning                    6
 G - a book of Flames

   Spells                             Type                      Level
   a - Flame Tongue                   Conjuration/Fire             1
   b - Throw Flame                    Conjuration/Fire             2
   c - Conjure Flame                  Conjuration/Fire             3
   d - Inner Flame                    Hexes/Fire                   3
   e - Sticky Flame                   Conjuration/Fire             4
   f - Fireball                       Conjuration/Fire             5
 J - Sif Muna's Incunabulum of the Battered Coins
   (Sif Muna gifted it to you on level 14 of the Dungeon)

   Spells                             Type                      Level
   a - Spider Form                    Transmutation/Poison         3
   b - Venom Bolt                     Conjuration/Poison           5
   c - Agony                          Necromancy                   5
   d - Borgnjor's Revivification      Necromancy                   8
 Q - a book of Frost

   Spells                             Type                      Level
   a - Freeze                         Ice                          1
   b - Throw Frost                    Conjuration/Ice              2
   c - Ozocubu's Armour               Charms/Ice                   3
   d - Throw Icicle                   Conjuration/Ice              4
   e - Summon Ice Beast               Ice/Summoning                4
 R - a book of Party Tricks

   Spells                             Type                      Level
   a - Summon Butterflies             Summoning                    1
   b - Apportation                    Translocation                1
   c - Lesser Beckoning               Translocation                3
   d - Tukima's Dance                 Hexes                        3
   e - Alistair's Intoxication        Transmutation/Poison         5
   f - Invisibility                   Hexes                        6
 T - Sif Muna's Tome of Atheism
   (Sif Muna gifted it to you on level 1 of the Lair of Beasts)

   Spells                             Type                      Level
   a - Poisonous Vapours              Poison/Air                   2
   b - Ignite Poison                  Fire/Transmutation/Poison    3
   c - Portal Projectile              Hexes/Translocation          3
   d - Recall                         Summoning/Translocation      3
   e - Summon Forest                  Summoning/Translocation      5
   f - Poison Arrow                   Conjuration/Poison           6
 Z - a book of Debilitation

   Spells                             Type                      Level
   a - Corona                         Hexes                        1
   b - Slow                           Hexes                        2
   c - Inner Flame                    Hexes/Fire                   3
   d - Portal Projectile              Hexes/Translocation          3
   e - Cause Fear                     Hexes                        4
   f - Leda's Liquefaction            Hexes/Earth                  4
Miscellaneous
 C - a fan of gales
 M - a lightning rod (4/4)
 N - a phial of floods
Comestibles
 c - 18 bread rations
 h - 15 meat rations
 r - 12 fruits
 w - a royal jelly
 E - 4 chunks of flesh


   Skills:
 * Level 12.2 Dodging
 - Level 6.2 Stealth
 + Level 19.3 Spellcasting
 + Level 16.2 Summonings
 - Level 5.5 Necromancy
 - Level 10.1 Translocations
   Level 4.1 Ice Magic
 - Level 2.2 Air Magic
 - Level 7.1 Invocations
 - Level 5.2 Evocations


You had 2 spell levels left.
You knew the following spells:

 Your Spells              Type           Power        Failure   Level  Hunger
a - Summon Forest         Summ/Tloc      #######...   1%          5    None
b - Haunt                 Necr/Summ      #######...   4%          7    ###....
c - Call Canine Familiar  Summ           #######.     0%          3    None
d - Summon Lightning Spi  Summ/Air       ######..     1%          4    None
e - Summon Hydra          Summ           #######...   1%          7    ###....
g - Shadow Creatures      Summ           N/A          1%          6    None
h - Blink                 Tloc           N/A          1%          2    None
i - Mephitic Cloud        Conj/Pois/Air  ######..     1%          3    None
j - Malign Gateway        Summ/Tloc      #######...   1%          7    ###....
k - Dispersal             Tloc           #######...   1%          6    None


Dungeon Overview and Level Annotations

Branches:
Dungeon (15/15)            Temple (1/1) D:4            Lair (6/6) D:9
  Swamp (4/4) Lair:2        Snake (3/4) Lair:4        Slime (0/5) Lair:6
    Orc (2/2) D:10            Elf (0/3) Orc:2        Vaults (0/5) D:14
 Depths (0/5) D:15

Altars:
Ashenzari
Cheibriados
Dithmenos
Elyvilon
Fedhas
Gozag
Hepliaklqana
Kikubaaqudgha
Makhleb
Nemelex Xobeh
Okawaru
Qazlal
Ru
Sif Muna
Trog
Uskayaw
Vehumet
Xom
Yredelemnul
Zin
The Shining One
Jiyva

Shops:
D:4 [?   Orc:2 [=(*   Snake:1 (

Annotations:
Lair:6 exclusion: merfolk avatar


Message History

The splash of poison hits your naga warrior.
Your naga warrior appears unharmed.
Casting: Shadow Creatures
Confirm with . or Enter, or press ? or * to list all spells.
Okay, then.
Your naga warrior dissolves into shadows!
Your salamander dissolves into shadows!
Your guardian serpent hits the naga warrior!
The naga ritualist spits poison at you.
The splash of poison hits your salamander.
Your salamander looks as sick as possible!
The naga ritualist constricts your salamander.
Your salamander misses the shock serpent.
The shock serpent shoots out a bolt of lightning at you!
The bolt of electricity hits the naga warrior.
The bolt of electricity hits your naga warrior.
The bolt of electricity hits you!
* * * LOW HITPOINT WARNING * * *
The bolt of electricity hits you!
You die...

.# ##........# #. .##
#.........##.. ..####
#.........#... .....#
#............. ......
#..........
......###........
....#..........#
#####..........###
...........@##
###...#....##..#
###....##....##NS#
##......##....##NN#
.............##.SNN
.............# ...N.
######.......#......#
##########.}$.##
....##


You could see a naga warrior, a naga ritualist, a shock serpent, a friendly naga
warrior, a friendly salamander mystic, 2 friendly salamanders and a friendly
guardian serpent.

Vanquished Creatures
  A shambling mangrove (Swamp:4)
  An orc warrior (Orc:2)
  An ice beast (Lair:6)
  A shadow imp (D:9)
  A leopard gecko (D:11)
  2 orcs
  3 bats
  4 giant cockroaches
  5 hobgoblins
  3 quokkas
  2 ball pythons
  5 frilled lizards
  5 goblins
  A hobgoblin zombie (D:10)
  An orc skeleton (D:10)
  5 rats
41 creatures vanquished.

Vanquished Creatures (collateral kills)
  Rupert (D:14)
  3 thorn hunters
  A nagaraja (Snake:2)
  An iron dragon (shapeshifter) (Swamp:4)
  Louise (D:14)
  An orc warlord (Orc:2)
  Nessos (D:14)
  The ghost of Minion the Cleaver, a journeyman DrBe of Trog (Lair:1)
  The ghost of Lavrengius the Brawler, a journeyman TrBe of Trog (D:11)
  An ogre mage (D:15)
  Harold (Orc:1)
  3 ghost crabs
  23 hydras
  An ice dragon (Lair:6)
  A catoblepas (Lair:6)
  A merfolk avatar (Lair:6)
  4 naga warriors
  2 centaur warriors
  7 anacondas
  13 two-headed ogres
  The ghost of letownia the Reanimator, a novice DDNe of Gozag (D:11)
  7 alligators
  5 naga sharpshooters
  4 orc high priests (Orc:2)
  Urug (D:12)
  3 shock serpents
  The ghost of ShornTheSheep the Carver, a novice MiBe of Trog (D:7)
  Sonja (D:12)
  A fire crab (Lair:6)
  2 salamander mystics (Snake:2)
  An unseen horror (D:14)
  A sea snake (Lair:6)
  12 swamp dragons
  4 shambling mangroves
  A spriggan druid (Swamp:3)
  2 harpies (Lair:6)
  A necromancer (D:15)
  Pikel (D:5)
  A lindwurm (shapeshifter) (D:14)
  5 orc knights
  2 lindwurms (Swamp:4)
  5 naga ritualists
  2 wizards
  6 orc sorcerers
  A mana viper (shapeshifter) (D:15)
  14 deep elf magi
  4 manticores
  11 mana vipers
  7 salamanders
  25 black mambas
  8 elephants
  3 cyclopes
  Maurice (D:12)
  6 naga magi
  An ice statue (Lair:6)
  4 molten gargoyles (D:15)
  A gargoyle (D:13)
  A torpor snail (Lair:5)
  20 spiny frogs
  5 komodo dragons
  4 rime drakes
  A freezing wraith (D:15)
  2 tengu conjurers (D:15)
  6 trolls
  14 polar bears
  12 tyrant leeches
  5 bog bodies
  18 slime creatures
  4 dream sheep (Lair:6)
  A wind drake (Lair:6)
  13 hornets
  2 meliai zombies (D:15)
  9 blink frogs
  11 hippogriffs
  A yak (shapeshifter) (D:14)
  3 centaur simulacra
  5 spriggans
  6 wyverns
  A shadow (Swamp:4)
  11 yaks
  A fire elemental (D:15)
  2 basilisks
  A redback simulacrum (D:15)
  A golden eye (shapeshifter) (D:14)
  16 vampire mosquitoes
  4 hungry ghosts
  16 insubstantial wisps
  A soldier ant (D:13)
  28 nagas
  3 wargs (Orc:2)
  18 swamp worms
  Duvessa (D:5)
  2 acid dragons
  12 water moccasins
  7 porcupines
  3 slaves (D:5)
  13 swamp drakes
  10 ice beasts
  23 orc warriors
  A phantom (D:10)
  4 black bears
  A sky beast (D:8)
  A meliai simulacrum (D:15)
  A necrophage (D:6)
  11 centaurs
  10 ogres
  13 wolves
  22 crocodiles
  A big kobold (D:12)
  Blork the orc (D:5)
  17 bullfrogs
  A wyvern skeleton (D:11)
  7 scorpions
  Dowan (D:5)
  A troll zombie (D:10)
  4 wights (D:15)
  2 electric eels
  6 jellies
  A bullfrog zombie (D:9)
  A crimson imp (D:11)
  4 centaur zombies
  4 hounds
  13 orc wizards
  A quasit (D:13)
  4 orc priests
  A bullfrog skeleton (D:12)
  2 centaur skeletons
  4 iguanas
  Ijyb (D:4)
  5 hell rats (Lair:6)
  10 worker ants
  7 ogre zombies (D:10)
  A hound zombie (D:5)
  A hound skeleton (D:6)
  A worker ant zombie (D:11)
  Robin (D:3)
  13 gnolls
  7 adders
  A howler monkey skeleton (D:10)
  A shadow imp (D:14)
  2 white imps (Lair:6)
  5 oozes
  2 adder skeletons (D:4)
  3 worms
  A dart slug (D:1)
  5 leopard geckos
  40 orcs
  A bat (D:2)
  A giant cockroach (D:4)
  18 goblins
  11 hobgoblins
  6 kobolds
  3 quokkas
  4 ball pythons
  A frilled lizard (D:3)
  4 goblin zombies (D:10)
  2 hobgoblin skeletons (D:10)
  4 hobgoblin zombies (D:10)
  4 orc skeletons (D:10)
  9 orc zombies (D:10)
  A quokka skeleton (D:9)
  2 rats (D:1)
  A bush (Lair:3)
  8 fungi
  11 plants
879 creatures vanquished.

Vanquished Creatures (others)
  6 eldritch tentacles
  An ice beast (Lair:6)
  An adder (D:5)
  14 fungi
  9 plants
  7 snaplasher vines
38 creatures vanquished.

Grand Total: 958 creatures vanquished

Notes
Turn   | Place    | Note
-------+----------+-------------------------------------------
     0 | D:1      | Vivek the Deep Elf Summoner began the quest for the Orb.
     0 | D:1      | Reached XP level 1. HP: 10/10 MP: 6/6
   170 | D:1      | Reached XP level 2. HP: 3/15 MP: 5/8
   176 | D:1      | Learned a level 2 spell: Call Imp
   906 | D:2      | Reached skill level 5 in Summonings
   931 | D:2      | Found an opulent altar of Gozag.
  1067 | D:2      | Found a sacrificial altar of Ru.
  1116 | D:2      | Reached XP level 3. HP: 17/19 MP: 7/9
  1121 | D:2      | Learned a level 3 spell: Call Canine Familiar
  1815 | D:3      | Noticed Robin
  1820 | D:3      | Reached XP level 4. HP: 16/24 MP: 4/11
  1828 | D:3      | Killed Robin
  2235 | D:3      | Learned a level 4 spell: Summon Lightning Spire
  2564 | D:4      | Reached skill level 1 in Air Magic
  2625 | D:4      | Found Urghauzukh's Armour Boutique.
  2636 | D:4      | Found Qid Usad's Magic Scroll Shop.
  2678 | D:4      | Reached XP level 5. HP: 22/28 MP: 8/12
  2962 | D:4      | Got an ancient helmet
  2973 | D:4      | Noticed Ijyb
  2978 | D:4      | Reached skill level 4 in Spellcasting
  2983 | D:4      | Killed Ijyb
  3140 | D:4      | Found a staircase to the Ecumenical Temple.
  3152 | Temple   | Entered the Ecumenical Temple
  3471 | D:5      | Entered Level 5 of the Dungeon
  3566 | D:5      | Identified the +3 helmet of the Bouncing Yaks {MR- Int+4} (You found it on level 4 of the Dungeon)
  3573 | D:5      | Found a deep blue altar of Sif Muna.
  3574 | D:5      | Found a burning altar of Makhleb.
  3616 | D:5      | Became a worshipper of Sif Muna the Loreminder
  3678 | D:5      | Noticed a slave
  3679 | D:5      | Noticed Pikel
  3681 | D:5      | Noticed a slave
  3683 | D:5      | Noticed a slave
  3684 | D:5      | Noticed Blork the orc
  3684 | D:5      | Noticed a slave
  3705 | D:5      | Killed a slave
  3706 | D:5      | Killed a slave
  3709 | D:5      | Reached XP level 6. HP: 21/32 MP: 3/14
  3716 | D:5      | Killed Pikel
  3716 | D:5      | Reached skill level 5 in Spellcasting
  3716 | D:5      | Killed a slave
  3716 | D:5      | Killed Blork the orc
  3716 | D:5      | Reached skill level 6 in Spellcasting
  3716 | D:5      | Reached XP level 7. HP: 25/36 MP: 1/18
  3920 | D:5      | Reached * piety under Sif Muna
  4036 | D:5      | Noticed Duvessa
  4036 | D:5      | Noticed Dowan
  4039 | D:5      | Killed Dowan
  4060 | D:5      | Killed Duvessa
  4186 | D:6      | Reached skill level 7 in Spellcasting
  4587 | D:6      | Learned a level 4 spell: Summon Ice Beast
  4862 | D:7      | Noticed ShornTheSheep's ghost (novice MiBe)
  4877 | D:7      | Killed ShornTheSheep's ghost
  4877 | D:7      | Reached XP level 8. HP: 41/41 MP: 8/21
  5009 | D:7      | Reached ** piety under Sif Muna
  5282 | D:8      | Reached skill level 8 in Spellcasting
  5407 | D:8      | Noticed a two-headed ogre
  5428 | D:8      | Killed a two-headed ogre
  5428 | D:8      | Reached skill level 9 in Spellcasting
  5881 | D:8      | Noticed a two-headed ogre
  5902 | D:8      | Killed a two-headed ogre
  5902 | D:8      | Reached *** piety under Sif Muna
  5902 | D:8      | Reached XP level 9. HP: 45/45 MP: 15/24
  5942 | D:8      | Reached skill level 10 in Spellcasting
  6211 | D:9      | Reached skill level 5 in Stealth
  6364 | D:9      | Noticed a two-headed ogre
  6384 | D:9      | Killed a two-headed ogre
  6506 | D:9      | Reached skill level 11 in Spellcasting
  6602 | D:9      | Found a staircase to the Lair.
  6767 | D:10     | Entered Level 10 of the Dungeon
  6804 | D:10     | Noticed an orc sorcerer
  6809 | D:10     | Reached **** piety under Sif Muna
  6813 | D:10     | Killed an orc sorcerer
  7090 | D:10     | Found a shattered altar of Ashenzari.
  7291 | D:10     | Found a staircase to the Orcish Mines.
  7402 | D:10     | Reached skill level 10 in Summonings
  7940 | D:11     | Noticed a two-headed ogre
  7940 | D:11     | Noticed Lavrengius's ghost (journeyman TrBe)
  7964 | D:11     | Killed Lavrengius's ghost
  7964 | D:11     | Reached skill level 12 in Spellcasting
  7964 | D:11     | Reached XP level 10. HP: 50/50 MP: 3/28
  7995 | D:11     | Killed a two-headed ogre
  8122 | D:11     | Noticed letownia's ghost (novice DDNe)
  8134 | D:11     | Killed letownia's ghost
  8134 | D:11     | Reached skill level 5 in Dodging
  8417 | D:11     | Noticed a two-headed ogre
  8424 | D:11     | Killed a two-headed ogre
  8716 | Lair:1   | Entered Level 1 of the Lair of Beasts
  8724 | Lair:1   | Noticed Minion's ghost (journeyman DrBe)
  8743 | Lair:1   | Noticed a spiny frog
  8896 | Lair:1   | Killed a spiny frog
  8916 | Lair:1   | Killed Minion's ghost
  8916 | Lair:1   | Reached skill level 13 in Spellcasting
  9244 | Lair:1   | Reached ***** piety under Sif Muna
  9244 | Lair:1   | Identified Sif Muna's Tome of Atheism (Sif Muna gifted it to you on level 1 of the Lair of Beasts)
  9244 | Lair:1   | Received a gift from Sif Muna
  9255 | Lair:1   | Learned a level 5 spell: Summon Forest
  9277 | Lair:1   | Noticed a six-headed hydra
  9281 | Lair:1   | Noticed a spiny frog
  9284 | Lair:1   | Killed a six-headed hydra
  9287 | Lair:1   | Killed a spiny frog
  9547 | Lair:2   | Found a staircase to the Swamp.
  9547 | Lair:2   | Noticed a four-headed hydra
  9557 | Lair:2   | Killed a four-headed hydra
  9582 | Lair:2   | Noticed a spiny frog
  9598 | Lair:2   | Killed a spiny frog
  9598 | Lair:2   | Reached XP level 11. HP: 54/54 MP: 10/30
  9683 | Lair:2   | Noticed a four-headed hydra
  9691 | Lair:2   | Killed a four-headed hydra
  9763 | Lair:2   | Reached skill level 14 in Spellcasting
  9893 | Lair:2   | Noticed a six-headed hydra
  9915 | Lair:2   | Killed a six-headed hydra
 10446 | Lair:3   | Reached skill level 1 in Translocations
 10507 | Lair:3   | Noticed a six-headed hydra
 10519 | Lair:3   | Killed a six-headed hydra
 10911 | Lair:3   | Reached skill level 15 in Spellcasting
 10980 | Lair:3   | Reached skill level 1 in Invocations
 11350 | Lair:4   | Noticed a six-headed hydra
 11362 | Lair:4   | Killed a six-headed hydra
 11738 | Lair:4   | Reached skill level 5 in Invocations
 11759 | Lair:4   | Found a staircase to the Snake Pit.
 12420 | Lair:5   | Received a gift from Sif Muna
 12665 | Lair:6   | Entered Level 6 of the Lair of Beasts
 12672 | Lair:6   | Reached XP level 12. HP: 59/59 MP: 17/33
 12805 | Lair:6   | Noticed an ice dragon
 12818 | Lair:6   | Killed an ice dragon
 12877 | Lair:6   | Found a runed door.
 12879 | Lair:6   | Found a viscous altar of Jiyva.
 12881 | Lair:6   | Found a staircase to the Slime Pits.
 12991 | Lair:6   | Noticed a seven-headed hydra
 12998 | Lair:6   | Killed a seven-headed hydra
 13190 | Lair:6   | Noticed a merfolk avatar
 13252 | Lair:6   | Noticed a catoblepas
 13262 | Lair:6   | Killed a catoblepas
 13337 | Lair:6   | Killed a merfolk avatar
 13337 | Lair:6   | Reached skill level 16 in Spellcasting
 13345 | Lair:6   | Identified the Handbook of Air and Dislocation
 13373 | Lair:6   | Learned a level 3 spell: Teleport Other
 13858 | Lair:6   | Noticed a seven-headed hydra
 13867 | Lair:6   | Killed a seven-headed hydra
 14902 | Orc:1    | Entered Level 1 of the Orcish Mines
 15076 | Orc:2    | Entered Level 2 of the Orcish Mines
 15305 | Orc:2    | Noticed an orc warlord
 15316 | Orc:2    | Killed an orc warlord
 15412 | Orc:2    | Received a gift from Sif Muna
 15433 | Orc:2    | Learned a level 6 spell: Shadow Creatures
 15476 | Orc:2    | Noticed an orc high priest
 15482 | Orc:2    | Killed an orc high priest
 15482 | Orc:2    | Reached skill level 10 in Dodging
 15486 | Orc:2    | Reached XP level 13. HP: 45/63 MP: 3/35
 15715 | Orc:2    | Found Jari's General Store.
 15743 | Orc:2    | Bought 2 potions of heal wounds for 100 gold pieces
 15743 | Orc:2    | Bought a scroll of blinking for 75 gold pieces
 15863 | Orc:2    | Found Rygywe's Antique Weapon Shoppe.
 15922 | Orc:2    | Found Cenell's Jewellery Shop.
 15930 | Orc:2    | Bought the amulet of the Prince of Darkness {RegenMP rC+} for 660 gold pieces
 16048 | Orc:2    | Reached skill level 17 in Spellcasting
 16109 | Orc:2    | Found Abig's Antique Armour Shop.
 16195 | Orc:2    | Found a staircase to the Elven Halls.
 16271 | Orc:1    | Noticed Harold
 16285 | Orc:1    | Killed Harold
 16794 | D:12     | Noticed Urug
 16806 | D:12     | Killed Urug
 17022 | D:11     | Learned a level 2 spell: Blink
 17026 | D:11     | Learned a level 3 spell: Mephitic Cloud
 17165 | D:12     | Noticed Maurice
 17177 | D:12     | Killed Maurice
 17265 | D:12     | Noticed Sonja
 17277 | D:12     | Killed Sonja
 17997 | D:13     | Found a sacrificial altar of Ru.
 18271 | D:14     | Noticed Nessos
 18403 | D:14     | Noticed Rupert
 18426 | D:14     | Killed Rupert
 18426 | D:14     | Identified Sif Muna's Incunabulum of the Battered Coins (Sif Muna gifted it to you on level 14 of the Dungeon)
 18426 | D:14     | Received a gift from Sif Muna
 18571 | D:14     | Found a gate to the Vaults.
 18717 | D:14     | Noticed Louise
 18775 | D:14     | Killed Louise
 18938 | D:14     | Killed Nessos
 19184 | D:14     | Reached skill level 18 in Spellcasting
 19441 | D:15     | Entered Level 15 of the Dungeon
 19611 | D:15     | Reached skill level 15 in Summonings
 20087 | D:15     | Reached skill level 1 in Evocations
 20503 | D:15     | Reached skill level 5 in Evocations
 20511 | D:15     | Reached XP level 14. HP: 68/68 MP: 38/38
 20582 | D:15     | Found a staircase to the Depths.
 21034 | Swamp:1  | Entered Level 1 of the Swamp
 21672 | Swamp:1  | Identified Sif Muna's Compendium of Unstable Shape Shifting (Sif Muna gifted it to you on level 1 of the Swamp)
 21672 | Swamp:1  | Received a gift from Sif Muna
 21682 | Swamp:1  | Learned a level 7 spell: Malign Gateway
 23124 | Swamp:2  | Reached skill level 5 in Translocations
 23526 | Swamp:2  | Learned a level 6 spell: Dispersal
 23661 | Swamp:3  | Noticed a thorn hunter
 23674 | Swamp:3  | Killed a thorn hunter
 23744 | Swamp:3  | Reached ****** piety under Sif Muna
 23933 | Swamp:3  | Identified Sif Muna's Guide on Mutagenic Sinister Secrets (Sif Muna gifted it to you on level 3 of the Swamp)
 23933 | Swamp:3  | Received a gift from Sif Muna
 24188 | Swamp:3  | Noticed a thorn hunter
 24196 | Swamp:3  | Killed a thorn hunter
 24271 | Swamp:4  | Entered Level 4 of the Swamp
 24667 | Swamp:4  | Noticed a thorn hunter
 24673 | Swamp:4  | Killed a thorn hunter
 24673 | Swamp:4  | Reached skill level 10 in Translocations
 24906 | Swamp:4  | Noticed Bai Suzhen
 24914 | Swamp:4  | Noticed Bai Suzhen
 24914 | Swamp:4  | Bai Suzhen changed into Bai Suzhen the iron dragon
 24919 | Swamp:4  | Killed Bai Suzhen the iron dragon
 25255 | Swamp:4  | Got a decaying rune of Zot
 25372 | Swamp:2  | Reached XP level 15. HP: 63/72 MP: 35/39
 25578 | Snake:1  | Entered Level 1 of the Snake Pit
 25618 | Snake:1  | Learned a level 7 spell: Haunt
 25718 | Snake:1  | Reached skill level 1 in Necromancy
 25874 | Snake:1  | Received a gift from Sif Muna
 25958 | Snake:1  | Learned a level 7 spell: Summon Hydra
 26261 | Snake:1  | Reached skill level 5 in Necromancy
 26568 | Snake:1  | Found Vaboy's Weapon Shoppe.
 26970 | Snake:2  | Reached skill level 19 in Spellcasting
 27651 | Snake:2  | Noticed a nagaraja
 27664 | Snake:2  | Killed a nagaraja
 27996 | Snake:3  | Upgraded the game from 0.20.1-1-g8b1a95d to 0.20.1-1-g8b1a95d66d
 28132 | Snake:3  | Killed from afar by a shock serpent

Skill      XL: |  1  2  3  4  5  6  7  8  9 10 11 12 13 14 15 |
---------------+----------------------------------------------+-----
Summonings     | 5 6 7 8 10 11 12 13 15 16 | 16.2
Stealth        | 3 4 6 |  6.2
Dodging        | 3 4 6 8 10 11 12 | 12.2
Air Magic      | 2 |  2.2
Spellcasting   | 4 6 7 9 12 13 15 16 18 19 | 19.3
Ice Magic      | 4 |  4.1
Translocations | 1 10 | 10.1
Invocations    | 5 7 |  7.1
Evocations     | 5 |  5.2
Necromancy     | 5 |  5.5

Action                   |  1- 3 |  4- 6 |  7- 9 | 10-12 | 13-15 || total
-------------------------+-------+-------+-------+-------+-------++-------
Melee: Mace              |    16 |       |       |       |       ||    16
       Short sword       |    64 |    21 |     3 |       |       ||    88
       Dagger            |       |       |    20 |    23 |       ||    43
       Staff             |       |       |       |     2 |    30 ||    32
 Cast: Summon Small Mamm |     8 |       |       |       |       ||     8
       Call Imp          |     6 |     6 |     5 |    14 |     3 ||    34
       Call Canine Famil |     7 |    12 |    35 |    77 |    69 ||   200
       Summon Lightning  |       |     8 |    25 |    66 |   197 ||   296
       Summon Ice Beast  |       |       |    17 |   117 |     9 ||   143
       Summon Forest     |       |       |       |    22 |    11 ||    33
       Shadow Creatures  |       |       |       |     2 |   197 ||   199
       Teleport Other    |       |       |       |     1 |     1 ||     2
       Blink             |       |       |       |       |    31 ||    31
       Mephitic Cloud    |       |       |       |       |     3 ||     3
       Malign Gateway    |       |       |       |       |     6 ||     6
       Dispersal         |       |       |       |       |     2 ||     2
       Haunt             |       |       |       |       |    13 ||    13
       Summon Hydra      |       |       |       |       |     8 ||     8
Invok: Divine Energy     |       |       |       |     1 |       ||     1
       Channel Magic     |       |       |       |     2 |     2 ||     4
Evoke: Wand              |       |     1 |     1 |    19 |     9 ||    30
  Use: Scroll            |     2 |     5 |    10 |    14 |    20 ||    51
       Potion            |       |       |       |     3 |    11 ||    14
 Stab: Sleeping          |    10 |     3 |     2 |     1 |     1 ||    17
       Distracted        |       |       |       |     1 |     2 ||     3
  Eat: Chunk             |     4 |     6 |    33 |    28 |    14 ||    85
       Meat ration       |       |     1 |       |       |       ||     1
       Royal jelly       |       |       |       |       |    11 ||    11
Armor: Robe              |    12 |     4 |     7 |    33 |    29 ||    85
       Troll leather arm |       |       |       |       |     1 ||     1
Dodge: Dodged            |    64 |    22 |    22 |    57 |   129 ||   294
